 Dungeon Crawl Stone Soup version 0.21-a0-513-gdcb3f5e (webtiles) character file.

171 Dawnplanks the Shield-Bearer (level 5, -1/47 HPs)
             Began as a Gnoll Fighter on Dec 1, 2017.
             Slain by Dawnplanks's ghost (12 damage)
             ... on level 3 of the Dungeon.
             The game lasted 00:03:00 (1706 turns).

Dawnplanks the Shield-Bearer (Gnoll Fighter)        Turns: 1706, Time: 00:03:01

Health: -1/47      AC:  5    Str: 18    XL:     5   Next: 51%
Magic:  7/7        EV: 10    Int: 11    God:
Gold:   81         SH: 10    Dex: 15    Spells: 7/7 levels left

rFire    + . .     SeeInvis .   a - +0 war axe
rCold    . . .     Gourm    .   c - +0 shield
rNeg     + . .     Faith    .   r - +2 leather armour {rN+}
rPois    .         Spirit   .   (no helmet)
rElec    .         Reflect  .   (no cloak)
rCorr    .         Harm     .   (no gloves)
MR       .....                  (no boots)
Stlth    ++........             (no amulet)
HPRegen  0.15/turn              k - ring of protection from fire
MPRegen  0.10/turn              s - ring of wizardry

@: no status effects
A: distributed training, fangs 1, strong nose
a: no special abilities


You were on level 3 of the Dungeon.
You were hungry.

You visited 1 branch of the dungeon, and saw 3 of its levels.

You collected 81 gold pieces.

Inventory:

Hand Weapons
 a - a +0 war axe (weapon)
 p - a +0 blowgun
Missiles
 i - 2 tomahawks (quivered)
 m - 14 poisoned needles
Armour
 b - a +0 scale mail
 c - a +0 shield (worn)
 r - a +2 leather armour of positive energy (worn)
Jewellery
 k - a ring of protection from fire (left hand)
 s - a ring of wizardry (right hand)
Scrolls
 e - 3 scrolls of identify {unknown}
 h - a scroll of immolation {unknown}
 n - a scroll of enchant armour {unknown}
 o - a scroll of remove curse {unknown}
Potions
 d - a potion of might
 g - 2 potions of curing {unknown}
 l - 2 potions of berserk rage {unknown}
Comestibles
 f - a bread ration
 j - a royal jelly
 q - a meat ration


   Skills:
 + Level 6.7 Fighting
 + Level 1.5 Short Blades
 + Level 1.5 Long Blades
 + Level 4.8 Axes
 + Level 1.5 Maces & Flails
 + Level 1.5 Polearms
 + Level 1.5 Staves
 + Level 1.5 Slings
 + Level 1.5 Bows
 + Level 1.5 Crossbows
 + Level 1.5 Throwing
 + Level 6.7 Armour
 + Level 1.5 Dodging
 + Level 1.5 Stealth
 + Level 6.7 Shields
 + Level 1.5 Unarmed Combat
 + Level 1.5 Spellcasting
 + Level 1.2 Conjurations
 + Level 1.2 Hexes
 + Level 1.2 Charms
 + Level 1.2 Summonings
 + Level 1.2 Necromancy
 + Level 1.2 Translocations
 + Level 1.2 Transmutations
 + Level 1.2 Fire Magic
 + Level 1.2 Ice Magic
 + Level 1.2 Air Magic
 + Level 1.2 Earth Magic
 + Level 1.2 Poison Magic
 + Level 1.7 Invocations
 + Level 1.5 Evocations


You had 7 spell levels left.
You didn't know any spells.

Dungeon Overview and Level Annotations

Branches:
Dungeon (3/15)

Altars:

Annotations:
D:3 Dawnplanks's ghost, amateur GnFi


Innate Abilities, Weirdness & Mutations

Your experience applies equally to all skills.
You have very sharp teeth.
Your uncanny sense of smell can sniff out nearby items.


Message History

Dawnplanks's ghost is heavily damaged.
Dawnplanks's ghost hits you but does no damage.
Dawnplanks's ghost hits you!
You barely miss Dawnplanks's ghost.
Dawnplanks's ghost is heavily damaged.
You block Dawnplanks's ghost's attack.
You slash Dawnplanks's ghost!
Dawnplanks's ghost is severely damaged.
Dawnplanks's ghost hits you but does no damage.
You hit Dawnplanks's ghost but do no damage.
You bite Dawnplanks's ghost, but do no damage.
Dawnplanks's ghost is severely damaged.
Dawnplanks's ghost says, "You can hit me, but you can't hurt me."
Dawnplanks's ghost hits you!
* * * LOW HITPOINT WARNING * * *
You hit Dawnplanks's ghost.
You bite Dawnplanks's ghost, but do no damage.
Dawnplanks's ghost is severely damaged.
You block Dawnplanks's ghost's attack. Dawnplanks's ghost hits you!
You die...

#......#.#....
#......#...# ...
#####....#.# ...%.
##### ##.†r###.# .....
#....##....###.#......
#....#..#......#......
#....#.###..##........
#...(#.####....#......
#.....((......@)......
#....#.######.W####...
#....#...<.......
#....#.######....).
#..).#.# #........
######†# #.$...#w. ..#
....### . .... #####
.....


You could see Dawnplanks's ghost.

Vanquished Creatures
  A gnoll shaman (D:2)
  5 adders (D:2)
  3 gnolls (D:2)
  2 worms (D:2)
  3 orcs
  4 giant cockroaches
  5 goblins
  3 hobgoblins
  7 jackals
  10 kobolds
  4 ball pythons
  9 bats
  2 frilled lizards
  7 rats
65 creatures vanquished.

Notes
Turn   | Place    | Note
-------+----------+-------------------------------------------
     0 | D:1      | Dawnplanks the Gnoll Fighter began the quest for the Orb.
     0 | D:1      | Reached XP level 1. HP: 23/23 MP: 1/1
   204 | D:1      | Reached XP level 2. HP: 29/29 MP: 2/2
   363 | D:1      | Reached XP level 3. HP: 34/35 MP: 3/3
   567 | D:2      | Reached skill level 1 in Invocations
   613 | D:2      | Reached skill level 1 in Short Blades
   613 | D:2      | Reached skill level 1 in Long Blades
   613 | D:2      | Reached skill level 1 in Maces & Flails
   613 | D:2      | Reached skill level 1 in Polearms
   613 | D:2      | Reached skill level 1 in Staves
   613 | D:2      | Reached skill level 1 in Slings
   613 | D:2      | Reached skill level 1 in Bows
   613 | D:2      | Reached skill level 1 in Crossbows
   613 | D:2      | Reached skill level 1 in Throwing
   613 | D:2      | Reached skill level 1 in Dodging
   613 | D:2      | Reached skill level 1 in Stealth
   613 | D:2      | Reached skill level 1 in Unarmed Combat
   613 | D:2      | Reached skill level 1 in Spellcasting
   613 | D:2      | Reached skill level 1 in Evocations
   672 | D:2      | Reached XP level 4. HP: 41/41 MP: 5/5
   791 | D:2      | Reached skill level 1 in Conjurations
   791 | D:2      | Reached skill level 1 in Hexes
   791 | D:2      | Reached skill level 1 in Charms
   791 | D:2      | Reached skill level 1 in Summonings
   791 | D:2      | Reached skill level 1 in Necromancy
   791 | D:2      | Reached skill level 1 in Translocations
   791 | D:2      | Reached skill level 1 in Transmutations
   791 | D:2      | Reached skill level 1 in Fire Magic
   791 | D:2      | Reached skill level 1 in Ice Magic
   791 | D:2      | Reached skill level 1 in Air Magic
   791 | D:2      | Reached skill level 1 in Earth Magic
   791 | D:2      | Reached skill level 1 in Poison Magic
   795 | D:2      | Reached XP level 5. HP: 41/47 MP: 6/6
  1035 | D:3      | Noticed Dawnplanks's ghost (amateur GnFi)
  1706 | D:3      | Slain by Dawnplanks's ghost

Vault maps used:
D:1:      minmay_arrival_shattered_statue
D:3:      first_bread, uniq_natasha, uniq_terence

Skill      XL: |  1  2  3  4 |
---------------+-------------+-----
Invocations    | 1 |  1.7
Short Blades   | 1 |  1.5
Long Blades    | 1 |  1.5
Maces & Flails | 1 |  1.5
Polearms       | 1 |  1.5
Staves         | 1 |  1.5
Slings         | 1 |  1.5
Bows           | 1 |  1.5
Crossbows      | 1 |  1.5
Throwing       | 1 |  1.5
Dodging        | 1 |  1.5
Stealth        | 1 |  1.5
Unarmed Combat | 1 |  1.5
Spellcasting   | 1 |  1.5
Evocations     | 1 |  1.5
Conjurations   | 1 |  1.2
Hexes          | 1 |  1.2
Charms         | 1 |  1.2
Summonings     | 1 |  1.2
Necromancy     | 1 |  1.2
Translocations | 1 |  1.2
Transmutations | 1 |  1.2
Fire Magic     | 1 |  1.2
Ice Magic      | 1 |  1.2
Air Magic      | 1 |  1.2
Earth Magic    | 1 |  1.2
Poison Magic   | 1 |  1.2
Fighting       | |  6.7
Axes           | |  4.8
Armour         | |  6.7
Shields        | |  6.7

Action                   |  1- 3 |  4- 6 || total
-------------------------+-------+-------++-------
Melee: War axe           |    74 |    79 ||   153
       Bite              |     4 |    10 ||    14
  Eat: Chunk             |       |     2 ||     2
Armor: Scale mail        |    39 |    38 ||    77
       Leather armour    |       |     2 ||     2
Dodge: Dodged            |    31 |    25 ||    56
Block: Shield            |    50 |    62 ||   112

Table legend:
 A = Spawn XP
 B = Non-spawn XP
 C = Spawn XP percentage of total XP
 D = Spawn monster count
 E = Non-spawn monster count
 F = Spawn count percentage of total count
 G = Total turns spent on level
                    A         B        C        D         E        F      G
               +---------+---------+-------+---------+---------+-------+---------
         Total |       0 |     245 |   0.0 |       0 |      65 |   0.0 |  1706
               +---------+---------+-------+---------+---------+-------+---------
           D:1 |       0 |      36 |   0.0 |       0 |      20 |   0.0 |   544
           D:2 |       0 |     196 |   0.0 |       0 |      38 |   0.0 |  1087
           D:3 |       0 |      13 |   0.0 |       0 |       7 |   0.0 |    75
               +---------+---------+-------+---------+---------+-------+---------
